Map: Ulzaan

Players

CHELOMAC - Winner!

  • Race: Terran Terran
  • League: Platinum
  • Spawn Location: 9:00

Boxco - Winner!

  • Race: Protoss Protoss
  • League: Gold
  • Spawn Location: 11:00

Subwaymaker

  • Race: Protoss Protoss
  • League: Gold
  • Spawn Location: 1:00

Mesrob

  • Race: Terran Terran
  • League: Platinum
  • Spawn Location: 3:00

VOD

Have the link to the VOD?

Description

Time

  • Played on: March 17, 2019, 9:50 p.m.
  • Length: 6:42
Show
View Real Time Build Order
Export as new Build Order

CHELOMAC Terran - Winner!

Build Orders:  

Get SALT Encoding   

  12  0:01  SCV  
  13  0:15  SCV  
  14  0:21  Supply Depot  
  14  0:27  SCV  
  15  0:40  Refinery  
  15  0:43  SCV  
  15  0:49  Barracks  
  16  0:55  SCV  
  18  1:11  SCV  
  18  1:15  Refinery  
  18  1:23  Supply Depot, SCV  
  19  1:35  SCV  
  19  1:36  Barracks Reactor  
  20  1:47  SCV  
  20  1:52  Factory  
  21  2:06  Orbital Command  
  21  2:11  Supply Depot  
  21  2:15  Marine x2  
  23  2:33  Marine x2  
  25  2:44  Factory Tech Lab  
  25  2:46  Starport  
  25  2:51  Marine  
  26  2:52  Marine, Engineering Bay  
  27  3:04  Siege Tank  
  30  3:06  SCV  
  30  3:08  Marine  
  32  3:22  SCV  
  32  3:24  Medivac  
  32  3:26  Terran Infantry Weapons Level 1  
  35  3:31  Supply Depot  
  35  3:32  Marine  
  36  3:36  Marine  
  37  3:52  Siege Tank  
  40  3:56  Medivac  
  42  4:19  Marine x2  
  42  4:22  Command Center  
  44  4:32  Siege Tank  
  44  4:36  Starport Reactor  
  47  5:33  Marine x2  
  47  5:34  Medivac x2, SCV  
  53  5:46  SCV  
Show
View Real Time Build Order
Export as new Build Order

Boxco Protoss - Winner!

Build Orders:  

Get SALT Encoding   

  12  0:01  Probe  
  13  0:15  Pylon  
  13  0:18  Probe  
  14  0:31  Probe  
  15  0:41  Gateway  
  15  0:43  Probe  
  15  0:46  Assimilator  
  16  0:58  Probe  
  17  1:10  Probe  
  18  1:14  Gateway  
  18  1:25  Assimilator, Probe  
  18  1:29  Cybernetics Core  
  19  1:36  Pylon  
  19  1:38  Probe  
  20  1:50  Probe  
  21  2:01  Warp Gate  
  21  2:02  Probe  
  22  2:10  Nexus  
  22  2:20  Stalker  
  24  2:33  Robotics Facility  
  24  2:36  Probe  
  25  2:46  Gateway  
  25  2:50  Probe  
  26  3:08  Probe  
  27  3:16  Twilight Council  
  27  3:20  Probe  
  27  3:25  Probe  
  28  3:28  Probe  
  28  3:32  Immortal  
  28  3:33  Probe  
  30  3:36  Probe  
  32  3:43  Probe  
  32  3:46  Probe  
  38  3:51  Assimilator  
  38  3:55  Probe  
  39  3:58  Probe  
  39  4:00  Stalker  
  42  4:05  Stalker  
  44  4:11  Observer  
  44  4:14  Blink  
  45  4:19  Probe  
  46  4:29  Pylon  
  46  4:32  Assimilator, Pylon  
  46  4:47  Observer, Probe x2  
  46  4:48  Pylon  
  46  4:52  Forge  
  49  4:59  Probe, Gateway x2  
  50  5:13  Stalker  
  52  5:14  Stalker  
  52  5:15  Stalker  
  56  5:56  Immortal, Stalker  
  56  5:57  Stalker x4  
  70  6:35  Robotics Facility  
  70  6:38  Pylon  
  70  6:40  Pylon  
Show
View Real Time Build Order
Export as new Build Order

Subwaymaker Protoss 

Build Orders:  

Get SALT Encoding   

  12  0:01  Probe  
  13  0:13  Probe  
  14  0:19  Pylon  
  14  0:25  Probe  
  15  0:37  Probe  
  16  0:43  Gateway  
  16  0:45  Probe  
  17  0:53  Probe  
  17  0:58  Assimilator  
  17  1:01  Probe  
  18  1:09  Probe  
  19  1:16  Assimilator  
  20  1:20  Pylon  
  20  1:33  Cybernetics Core  
  20  1:42  Probe  
  21  1:55  Probe  
  22  2:06  Probe, Nexus  
  23  2:10  Sentry  
  23  2:12  Warp Gate  
  25  2:16  Probe  
  26  2:24  Probe  
  26  2:29  Gateway  
  27  2:35  Gateway  
  27  2:41  Pylon  
  27  2:47  Stalker  
  29  2:55  Probe  
  30  3:08  Shield Battery, Probe  
  31  3:16  Forge  
  31  3:20  Probe  
  31  3:22  Probe  
  33  3:32  Probe  
  34  3:34  Probe  
  34  3:37  Twilight Council  
  34  3:41  Stalker  
  37  3:45  Stalker  
  37  3:46  Probe  
  37  3:47  Probe  
  41  4:05  Robotics Facility  
  41  4:06  Pylon  
  41  4:08  Probe  
  41  4:09  Probe  
  41  4:10  Photon Cannon  
  43  4:20  Assimilator  
  43  4:21  Probe  
  43  4:23  Probe  
  44  4:25  Assimilator  
  44  4:28  Pylon  
  45  4:33  Probe  
  45  4:35  Probe  
  47  4:39  Blink  
  47  4:42  Stalker  
  49  4:46  Probe  
  49  4:48  Probe  
  51  4:59  Observer, Probe  
  53  5:01  Templar Archives  
  53  5:07  Probe  
  53  5:11  Probe  
  55  5:21  Immortal  
  59  5:26  Gateway x2  
  59  5:28  Gateway  
  59  5:36  Sentry x2  
  59  5:37  Stalker  
  49  6:03  Stalker x3  
Show
View Real Time Build Order
Export as new Build Order

Mesrob Terran 

Build Orders:  

Get SALT Encoding   

  12  0:00  SCV  
  13  0:16  SCV  
  14  0:23  Supply Depot  
  14  0:52  Command Center  
  14  1:04  Barracks  
  14  1:11  Refinery  
  14  1:15  SCV  
  15  1:43  SCV  
  16  1:52  Barracks  
  16  1:58  Orbital Command  
  16  2:03  Marine  
  18  2:15  SCV  
  18  2:23  Refinery  
  18  2:25  SCV  
  18  2:27  SCV  
  20  2:34  Marine  
  21  2:37  SCV  
  21  2:39  SCV  
  21  2:40  Bunker  
  21  2:41  Barracks Tech Lab  
  23  2:49  SCV  
  24  2:52  SCV  
  24  2:57  Engineering Bay  
  25  3:01  SCV  
  25  3:04  SCV  
  27  3:07  Barracks Reactor  
  27  3:12  Marine  
  28  3:16  SCV  
  29  3:21  SCV  
  29  3:25  Stimpack  
  30  3:28  SCV  
  30  3:30  Terran Infantry Weapons Level 1  
  30  3:33  SCV  
  32  3:40  SCV  
  33  3:43  Supply Depot  
  33  3:45  SCV  
  33  3:47  Marine x2  
  36  3:53  SCV  
  37  3:56  Refinery  
  37  3:57  SCV  
  38  4:05  Marine, SCV  
  40  4:14  Orbital Command  
  40  4:17  SCV  
  40  4:18  Supply Depot  
  40  4:24  Refinery  
  41  4:29  SCV  
  41  4:31  Marine x3  
  45  4:38  Factory  
  45  4:41  Supply Depot, SCV  
  46  4:53  SCV  
  46  4:55  Marine x2  
  46  4:56  Marine  
  50  5:08  SCV x2  
  52  5:20  SCV x2  
  53  5:26  Command Center  
  23  6:06  Factory Tech Lab  
  23  6:07  Marine  
Tags
 
Add a new tag
Caveats
  • Supply blocks, unpowered buildings, or Contaminate may cause inaccurate times.
  • Supply counts are checked every 10 seconds.